TOP OF THE 1ST |
Houston 1837 BBC batting - Pitching for Toledo Stingers : RHP Ed Stark
|
Pitching: RHP Ed Stark
|
|
Batting: LHB Damian Delaney
|
0-0: Called Strike 0-1: Swinging Strike 0-2: Strikes out looking
|
Batting: RHB Lytle Creek
|
0-0: Called Strike 0-1: Foul Ball, location: 2F 0-2: Ball 1-2: Foul Ball, location: 2F 1-2: Ball 2-2: Ball 3-2: Base on Balls
|
Batting: SHB Galtero Suárez
|
0-0: Ball 1-0: Ball 2-0: Called Strike 2-1: Foul Ball, location: 2F 2-2: Ball 3-2: Base on Balls Lytle Creek to second
|
Batting: RHB Bob Dickerson
|
0-0: Foul Ball, location: 2F 0-1: Called Strike 0-2: Strikes out looking
|
Batting: LHB Guillermo Arellano
|
0-0: Ball 1-0: Fly out, F7 (Flyball, 7LS)
|
Top of the 1st over - 0 runs, 0 hits, 0 errors, 2 left on base; Houston 0 - Toledo 0 |
BOTTOM OF THE 1ST |
Toledo Stingers batting - Pitching for Houston 1837 BBC : LHP Prince Michael Jackson
|
Pitching: LHP Prince Michael Jackson
|
|
Batting: RHB Brett Callison
|
0-0: Ball 1-0: Fly out, F8 (Flyball, 8LM)
|
Batting: RHB Tamasaburo Kato
|
0-0: Called Strike 0-1: Swinging Strike 0-2: Strikes out swinging
|
Batting: RHB Alfredo Martínez
|
0-0: Ball 1-0: Called Strike 1-1: Ball 2-1: Ball 3-1: Foul Ball, location: 2F 3-2: Strikes out swinging
|
Bottom of the 1st over - 0 runs, 0 hits, 0 errors, 0 left on base; Houston 0 - Toledo 0 |
TOP OF THE 2ND |
Houston 1837 BBC batting - Pitching for Toledo Stingers : RHP Ed Stark
|
Batting: RHB Scott Robertson
|
0-0: Ball 1-0: Called Strike 1-1: Called Strike 1-2: Fly out, F3 (Popup, 3F)
|
Batting: LHB Fa-tang Wang
|
0-0: Ground out 6-3 (Groundball, 6M)
|
Batting: RHB Armond Merlin
|
0-0: Ball 1-0: DOUBLE (Line Drive, 78M)
|
Batting: RHB Anastasio Hernández
|
0-0: Ball 1-0: Called Strike 1-1: Called Strike 1-2: Foul Ball, location: 2F 1-2: Fly out, F4 (Popup, 23)
|
Top of the 2nd over - 0 runs, 1 hit, 0 errors, 1 left on base; Houston 0 - Toledo 0 |
BOTTOM OF THE 2ND |
Toledo Stingers batting - Pitching for Houston 1837 BBC : LHP Prince Michael Jackson
|
Batting: SHB Eugene Clutch
|
0-0: Ball 1-0: Ball 2-0: Ball 3-0: Base on Balls
|
Batting: LHB Rafael Sánchez
|
0-0: Foul Ball, location: 2F 0-1: Foul Ball, location: 2F 0-2: Strikes out looking
|
Batting: RHB Héctor Rivera
|
0-0: Ball 1-0: Called Strike 1-1: Ball 2-1: Called Strike 2-2: Ball 3-2: SINGLE (Groundball, 6MD) Eugene Clutch to second Runner from 2nd tries for 3rd, SAFE, no throw
|
Batting: SHB Dylan Carson
|
0-0: Called Strike 0-1: Ball 1-1: Called Strike 1-2: Ball 2-2: Ground out 4-3 (Groundball, 4S) Eugene Clutch scores Héctor Rivera to second
|
Batting: SHB Tsing Guao
|
0-0: Ball 1-0: Called Strike 1-1: Called Strike 1-2: Strikes out swinging
|
Bottom of the 2nd over - 1 run, 1 hit, 0 errors, 1 left on base; Houston 0 - Toledo 1 |
TOP OF THE 3RD |
Houston 1837 BBC batting - Pitching for Toledo Stingers : RHP Ed Stark
|
Batting: LHB Damian Delaney
|
0-0: Called Strike 0-1: Called Strike 0-2: Ball 1-2: Ball 2-2: Ball 3-2: Foul Ball, location: 2F 3-2: Ground out 3-1 (Groundball, 34)
|
Batting: RHB Lytle Creek
|
0-0: Foul Ball, location: 2F 0-1: Foul Ball, location: 2F 0-2: Ground out 4-3 (Groundball, 34)
|
Batting: SHB Galtero Suárez
|
0-0: Ball 1-0: Ball 2-0: Called Strike 2-1: Fly out, F9 (Flyball, 89M)
|
Top of the 3rd over - 0 runs, 0 hits, 0 errors, 0 left on base; Houston 0 - Toledo 1 |
BOTTOM OF THE 3RD |
Toledo Stingers batting - Pitching for Houston 1837 BBC : LHP Prince Michael Jackson
|
Batting: RHB Mike Burns
|
0-0: Reached on error, E5 (Groundball, 56S)
|
Batting: RHB Brett Callison
|
0-0: Ball 1-0: Foul Ball, location: 2F 1-1: Fly out, F5 (Line Drive, 5)
|
Batting: RHB Tamasaburo Kato
|
0-0: Called Strike 0-1: Fly out, F7 (Flyball, 7D)
|
Batting: RHB Alfredo Martínez
|
0-0: Called Strike 0-1: Ball Wild Pitch! Mike Burns to second 1-1: Foul Ball, location: 2F 1-2: Foul Ball, location: 2F 1-2: Ball 2-2: Ball 3-2: DOUBLE (Groundball, 5L) Mike Burns scores
|
Batting: SHB Eugene Clutch
|
0-0: Swinging Strike 0-1: Called Strike 0-2: Ball 1-2: Foul Ball, location: 2F 1-2: Strikes out looking
|
Bottom of the 3rd over - 1 run, 1 hit, 1 error, 1 left on base; Houston 0 - Toledo 2 |
TOP OF THE 4TH |
Houston 1837 BBC batting - Pitching for Toledo Stingers : RHP Ed Stark
|
Batting: RHB Bob Dickerson
|
0-0: Ball 1-0: Fly out, F3 (Popup, 3SF)
|
Batting: LHB Guillermo Arellano
|
0-0: Called Strike 0-1: Ball 1-1: Fly out, F7 (Flyball, 7D)
|
Batting: RHB Scott Robertson
|
0-0: Ball 1-0: Foul Ball, location: 2F 1-1: Ball 2-1: Called Strike 2-2: Foul Ball, location: 2F 2-2: Ball 3-2: Strikes out swinging
|
Top of the 4th over - 0 runs, 0 hits, 0 errors, 0 left on base; Houston 0 - Toledo 2 |
BOTTOM OF THE 4TH |
Toledo Stingers batting - Pitching for Houston 1837 BBC : LHP Prince Michael Jackson
|
Batting: LHB Rafael Sánchez
|
0-0: Ball 1-0: Called Strike 1-1: Foul Ball, location: 2F 1-2: Strikes out swinging
|
Batting: RHB Héctor Rivera
|
0-0: Swinging Strike 0-1: Swinging Strike 0-2: Ball 1-2: Strikes out swinging
|
Batting: SHB Dylan Carson
|
0-0: Called Strike 0-1: Ball 1-1: Foul Ball, location: 2F 1-2: Ball 2-2: Ground out U3 (Groundball, 34S)
|
Bottom of the 4th over - 0 runs, 0 hits, 0 errors, 0 left on base; Houston 0 - Toledo 2 |
TOP OF THE 5TH |
Houston 1837 BBC batting - Pitching for Toledo Stingers : RHP Ed Stark
|
Batting: LHB Fa-tang Wang
|
0-0: Called Strike 0-1: Foul Ball, location: 2F 0-2: Ground out 4-3 (Groundball, 4S)
|
Batting: RHB Armond Merlin
|
0-0: Called Strike 0-1: Ground out 6-3 (Groundball, 6)
|
Batting: RHB Anastasio Hernández
|
0-0: Ball 1-0: Ground out 6-3 (Groundball, 56)
|
Top of the 5th over - 0 runs, 0 hits, 0 errors, 0 left on base; Houston 0 - Toledo 2 |
BOTTOM OF THE 5TH |
Toledo Stingers batting - Pitching for Houston 1837 BBC : LHP Prince Michael Jackson
|
Batting: SHB Tsing Guao
|
0-0: Ball 1-0: Fly out, F9 (Flyball, 9)
|
Pitching: LHP Drew Cullen
|
|
Batting: RHB Mike Burns
|
0-0: Ball 1-0: Ball 2-0: Called Strike 2-1: Ball 3-1: Foul Ball, location: 2F 3-2: Foul Ball, location: 2F 3-2: Foul Ball, location: 2F 3-2: Base on Balls
|
Batting: RHB Brett Callison
|
0-0: Fly out, F9 (Flyball, 9)
|
Batting: RHB Tamasaburo Kato
|
0-0: Foul Ball, location: 2F 0-1: Ball 1-1: Ball 2-1: Foul Ball, location: 2F 2-2: Fly out, F9 (Flyball, 9LMF)
|
Bottom of the 5th over - 0 runs, 0 hits, 0 errors, 1 left on base; Houston 0 - Toledo 2 |
TOP OF THE 6TH |
Houston 1837 BBC batting - Pitching for Toledo Stingers : RHP Ed Stark
|
Batting: LHB Damian Delaney
|
0-0: Fly out, F9 (Flyball, 9)
|
Batting: RHB Lytle Creek
|
0-0: Ball 1-0: Foul Ball, location: 2F 1-1: Foul Ball, location: 2F 1-2: Strikes out swinging
|
Batting: SHB Galtero Suárez
|
0-0: Ball 1-0: Ball 2-0: SOLO HOME RUN (Flyball, 9D), Distance : 396 ft
|
Batting: RHB Bob Dickerson
|
0-0: Called Strike 0-1: Ball 1-1: Foul Ball, location: 2F 1-2: Foul Ball, location: 2F 1-2: Foul Ball, location: 2F 1-2: Ball 2-2: Fly out, F8 (Flyball, 8LD)
|
Top of the 6th over - 1 run, 1 hit, 0 errors, 0 left on base; Houston 1 - Toledo 2 |
BOTTOM OF THE 6TH |
Toledo Stingers batting - Pitching for Houston 1837 BBC : LHP Drew Cullen
|
Batting: RHB Alfredo Martínez
|
0-0: Foul Ball, location: 2F 0-1: Ball 1-1: Ball 2-1: Foul Ball, location: 2F 2-2: Foul Ball, location: 2F 2-2: Hit by Pitch
|
Batting: SHB Eugene Clutch
|
0-0: Ball 1-0: 2-RUN HOME RUN (Flyball, 7LD), Distance : 352 ft
|
Pitching: RHP Emil Olsson
|
|
Batting: LHB Rafael Sánchez
|
0-0: Ball 1-0: Ground out U3 (Groundball, 3)
|
Batting: RHB Héctor Rivera
|
0-0: Foul Ball, location: 2F 0-1: Swinging Strike 0-2: Foul Ball, location: 2F 0-2: Ball 1-2: Ball 2-2: Fly out, F9 (Flyball, 9D)
|
Batting: SHB Dylan Carson
|
0-0: Swinging Strike 0-1: SOLO HOME RUN (Flyball, 89XD), Distance : 421 ft
|
Batting: SHB Tsing Guao
|
0-0: Ball 1-0: Fly out, F9 (Line Drive, 89D)
|
Bottom of the 6th over - 3 runs, 2 hits, 0 errors, 0 left on base; Houston 1 - Toledo 5 |
TOP OF THE 7TH |
Houston 1837 BBC batting - Pitching for Toledo Stingers : RHP Ed Stark
|
Batting: LHB Guillermo Arellano
|
0-0: Swinging Strike 0-1: Ball 1-1: Ball 2-1: Ball 3-1: Foul Ball, location: 2F 3-2: Base on Balls
|
Batting: RHB Scott Robertson
|
0-0: Called Strike 0-1: Ball 1-1: Ball 2-1: Foul Ball, location: 2F 2-2: Strikes out looking
|
Batting: LHB Fa-tang Wang
|
0-0: Ball 1-0: Ball 2-0: Swinging Strike 2-1: Called Strike 2-2: Fielders Choice at 2nd, 5-4 (Groundball, 5)
|
Batting: RHB Armond Merlin
|
0-0: Ball 1-0: Ball 2-0: Foul Ball, location: 2F 2-1: Foul Ball, location: 2F 2-2: Ground out 4-3 (Groundball, 4S)
|
Top of the 7th over - 0 runs, 0 hits, 0 errors, 1 left on base; Houston 1 - Toledo 5 |
BOTTOM OF THE 7TH |
Toledo Stingers batting - Pitching for Houston 1837 BBC : RHP Emil Olsson
|
Batting: RHB Mike Burns
|
0-0: Swinging Strike 0-1: Foul Ball, location: 2F 0-2: Ball 1-2: Ball 2-2: Strikes out swinging
|
Batting: RHB Brett Callison
|
0-0: Called Strike 0-1: Fly out, F8 (Flyball, 8RM)
|
Batting: RHB Tamasaburo Kato
|
0-0: Ball 1-0: Ball 2-0: Foul Ball, location: 2F 2-1: SINGLE (Groundball, 34D)
|
Batting: RHB Alfredo Martínez
|
0-0: Foul Ball, location: 2F 0-1: Ball 1-1: Ball 2-1: Ball 3-1: Base on Balls Tamasaburo Kato to second
|
Pitching: LHP Damien Scudder
|
|
Batting: SHB Eugene Clutch
|
0-0: Foul Ball, location: 2F 0-1: Ball Wild Pitch! Tamasaburo Kato to third Alfredo Martínez to second 1-1: Fly out, F3 (Line Drive, 3)
|
Bottom of the 7th over - 0 runs, 1 hit, 0 errors, 2 left on base; Houston 1 - Toledo 5 |
TOP OF THE 8TH |
Houston 1837 BBC batting - Pitching for Toledo Stingers : RHP Ed Stark
|
Batting: RHB Anastasio Hernández
|
0-0: Swinging Strike 0-1: Ball 1-1: Fly out, F9 (Flyball, 9LMF)
|
Batting: LHB Damian Delaney
|
0-0: Ball 1-0: Called Strike 1-1: Ground out 5-3 (Groundball, 56S)
|
Batting: RHB Lytle Creek
|
0-0: Called Strike 0-1: Foul Ball, location: 2F 0-2: Ball 1-2: Ball 2-2: Ball 3-2: Fly out, F9 (Flyball, 89S)
|
Top of the 8th over - 0 runs, 0 hits, 0 errors, 0 left on base; Houston 1 - Toledo 5 |
BOTTOM OF THE 8TH |
Toledo Stingers batting - Pitching for Houston 1837 BBC : LHP Damien Scudder
|
Batting: LHB Rafael Sánchez
|
0-0: Ground out 4-3 (Groundball, 4D)
|
Batting: RHB Héctor Rivera
|
0-0: Ball 1-0: Ball 2-0: Ball 3-0: Called Strike 3-1: Ground out 5-3 (Groundball, 56)
|
Batting: SHB Dylan Carson
|
0-0: Foul Ball, location: 2F 0-1: Ball 1-1: Swinging Strike 1-2: Foul Ball, location: 2F 1-2: Ball 2-2: Ball 3-2: Foul Ball, location: 2F 3-2: Fly out, F7 (Flyball, 7)
|
Bottom of the 8th over - 0 runs, 0 hits, 0 errors, 0 left on base; Houston 1 - Toledo 5 |
TOP OF THE 9TH |
Houston 1837 BBC batting - Pitching for Toledo Stingers : RHP Ed Stark
|
Batting: SHB Galtero Suárez
|
0-0: Ball 1-0: Ground out 6-3 (Groundball, 6M)
|
Batting: RHB Bob Dickerson
|
0-0: Fly out, F7 (Flyball, 78S)
|
Batting: LHB Guillermo Arellano
|
0-0: TRIPLE (Line Drive, 8LXD)
|
Pitching: RHP Garrett Harrington
|
|
Batting: RHB Scott Robertson
|
0-0: Foul Ball, location: 2F 0-1: Foul Ball, location: 2F 0-2: Ball 1-2: Foul Ball, location: 2F 1-2: Foul Ball, location: 2F 1-2: Fly out, F4 (Line Drive, 4)
|
Top of the 9th over - 0 runs, 1 hit, 0 errors, 1 left on base; Houston 1 - Toledo 5 |
|